 Dungeon Crawl Stone Soup version 0.21-a0-171-g0f4a3b6 (webtiles) character file.

108 kae the Chopper (level 4, -2/41 HPs)
             Began as a Hill Orc Fighter on Aug 7, 2017.
             Slain by Sigmund
             ... wielding a +0 scythe
              (10 damage)
             ... on level 3 of the Dungeon.
             The game lasted 00:01:45 (1803 turns).

kae the Chopper (Hill Orc Fighter)                  Turns: 1803, Time: 00:01:46

Health: -2/41      AC:  6    Str: 19    XL:     4   Next: 87%
Magic:  4/4        EV:  7    Int:  8    God:
Gold:   100        SH:  9    Dex: 10    Spells: 3/3 levels left

rFire    . . .     SeeInvis .   a - +0 war axe
rCold    . . .     Gourm    .   c - +0 shield
rNeg     . . .     Faith    .   b - +0 scale mail
rPois    .         Spirit   .   (no helmet)
rElec    .         Reflect  .   (no cloak)
rCorr    .         Harm     .   (no gloves)
MR       .....                  (no boots)
Stlth    ..........             (no amulet)
HPRegen  0.13/turn              (no ring)
MPRegen  0.09/turn              (no ring)

@: no status effects
A: no striking features
a: no special abilities


You were on level 3 of the Dungeon.
You were very hungry.

You visited 1 branch of the dungeon, and saw 3 of its levels.

You collected 100 gold pieces.

Inventory:

Hand Weapons
 a - a +0 war axe (weapon)
Armour
 b - a +0 scale mail (worn)
 c - a +0 shield (worn)
Scrolls
 l - a scroll of teleportation {unknown}
 n - a scroll of immolation {unknown}
 o - a scroll of fog {unknown}
 q - a scroll of random uselessness {unknown}
 r - a scroll of identify {unknown}
 s - a scroll of enchant weapon {unknown}
Potions
 e - a potion of brilliance {unknown}
 i - a potion of lignification {unknown}
 j - 3 potions of resistance {unknown}
 m - 3 potions of curing {unknown}
Comestibles
 f - 2 bread rations
 h - 2 meat rations
 k - 13 fruits
 p - 2 royal jellies


   Skills:
 + Level 4.7 Fighting
 * Level 5.5 Axes
 - Level 3.2 Armour
 - Level 3.2 Shields


You had 3 spell levels left.
You didn't know any spells.

Dungeon Overview and Level Annotations

Branches:
Dungeon (3/15)

Altars:
Ashenzari

Annotations:
D:3 Sigmund


Message History

You closely miss the kobold.
The kobold is heavily wounded.
You block the kobold's attack. Something hits you but does no damage.
You barely miss the kobold.
The kobold is heavily wounded.
You block the kobold's attack.
You closely miss the kobold.
The kobold is heavily wounded.
You block something's attack. The kobold hits you.
* * * LOW HITPOINT WARNING * * *
The kobold closely misses you.
Your shield and scale mail prevent you from hitting the kobold.
The kobold is heavily wounded.
Something hits you.
* * * LOW HITPOINT WARNING * * *
The kobold hits you but does no damage.
Your shield prevents you from hitting the kobold.
The kobold is heavily wounded.
Something hits you!
You die...

#####....# .#
...#....# ..#
......#...#
########....#...##
........<.........
.......##(..####
............#
....#K##....# ...
#.@.{.##.... ..
#####.# ..... .
.... ..>.
#.##..... ..# ....
### .


You could see a kobold.

Vanquished Creatures
  4 gnolls
  An ooze (D:2)
  2 dart slugs
  3 leopard geckos
  7 bats
  2 giant cockroaches
  7 goblins
  2 hobgoblins (D:2)
  7 jackals (D:1)
  A quokka (D:2)
  A ball python (D:3)
  2 frilled lizards
  9 kobolds
  8 rats
56 creatures vanquished.

Notes
Turn   | Place    | Note
-------+----------+-------------------------------------------
     0 | D:1      | kae the Hill Orc Fighter began the quest for the Orb.
     0 | D:1      | Reached XP level 1. HP: 19/19 MP: 1/1
    43 | D:1      | Reached skill level 3 in Axes
   107 | D:1      | Reached XP level 2. HP: 20/27 MP: 2/2
   510 | D:1      | Reached XP level 3. HP: 33/33 MP: 3/3
   513 | D:1      | Reached skill level 4 in Axes
   949 | D:1      | Reached XP level 4. HP: 41/41 MP: 4/4
  1083 | D:2      | Reached skill level 5 in Axes
  1196 | D:2      | Found a shattered altar of Ashenzari.
  1782 | D:3      | Noticed Sigmund
  1803 | D:3      | Slain by Sigmund

Vault maps used:
D:1:      eino_arrival_tree_alley, minmay_misc_feat_cross, st_stairs_14
D:2:      ashenzari_conservatory_becter, minmay_misc_feat_more_columns,
          guppyfry_early_lair_pool
D:3:      first_bread, uniq_sigmund

Skill      XL: |  1  2  3  4 |
---------------+-------------+-----
Axes           | 3 4 5 |  5.5
Fighting       | 4 |  4.7
Armour         | |  3.2
Shields        | |  3.2

Action                   |  1- 3 |  4- 6 || total
-------------------------+-------+-------++-------
Melee: War axe           |   113 |    55 ||   168
  Use: Scroll            |       |     1 ||     1
       Potion            |       |     1 ||     1
  Eat: Chunk             |       |     2 ||     2
Armor: Scale mail        |    49 |    21 ||    70
Dodge: Dodged            |    43 |    18 ||    61
Block: Shield            |    58 |    36 ||    94
